 Dungeon Crawl Stone Soup version 0.31-a0-771-g505c3d1 (webtiles) character file.

Game seed: 13302208385127383827

23 BarneyGumball the Zephyrmancer (level 3, -1/28 HPs)
             Began as a Gnoll Wanderer on Sept 16, 2023.
             Succumbed to Terence's poison
             ... on level 2 of the Dungeon.
             The game lasted 00:03:11 (1270 turns).

BarneyGumball the Zephyrmancer (Gnoll Wanderer)     Turns: 1270, Time: 00:03:11

Health: -1/28      AC:  4    Str:  8    XL:     3   Next: 0%
Magic:  7/7        EV: 10    Int: 19    God:
Gold:   1          SH:  0    Dex: 10    Spells: 6/7 levels left

rFire   . . .        a - +0 dagger
rCold   + . .        (no shield)
rNeg    . . .        f - +0 leather armour
rPois   .            (no helmet)
rElec   .            h - +0 cloak
rCorr   .            (no gloves)
SInv    .            (no boots)
Will    .....        d - amulet of regeneration
Stlth   +            (no ring)
HPRegen 1.04/turn    (no ring)
MPRegen 0.10/turn

%: no passive effects
@: lethally poisoned (-1 -> -23)
A: fangs 1, strong nose, distributed training, clever 1, cold resistance 1
a: no special abilities


You were on level 2 of the Dungeon.
You visited 1 branch of the dungeon, and saw 2 of its levels.

You collected 56 gold pieces.
You spent 55 gold pieces at shops.

Inventory:

Hand Weapons
 a - a +0 dagger (weapon)
 b - a +0 sling
Missiles
 g - 5 poisoned darts (quivered)
Armour
 f - a +0 leather armour (worn)
 h - a +0 cloak (worn)
Jewellery
 d - an amulet of regeneration (around neck)
Scrolls
 j - a scroll of teleportation
 k - a scroll of fear {unknown}
Potions
 e - a potion of brilliance


   Skills:
 + Level 2.5 Fighting
 + Level 0.5 Short Blades
 + Level 0.5 Long Blades
 + Level 0.5 Axes
 + Level 0.5 Maces & Flails
 + Level 0.5 Polearms
 + Level 0.5 Staves
 + Level 0.5 Ranged Weapons
 + Level 4.5 Throwing
 + Level 0.5 Armour
 + Level 0.5 Dodging
 + Level 0.5 Stealth
 + Level 0.5 Shields
 + Level 0.5 Unarmed Combat
 + Level 2.7 Spellcasting
 + Level 0.4 Conjurations
 + Level 0.4 Hexes
 + Level 2.0 Summonings
 + Level 0.4 Necromancy
 + Level 0.4 Translocations
 + Level 0.4 Transmutations
 + Level 0.4 Fire Magic
 + Level 0.4 Ice Magic
 + Level 8.7 Air Magic
 + Level 0.4 Earth Magic
 + Level 0.4 Poison Magic
 + Level 0.7 Invocations
 + Level 0.5 Evocations
 + Level 0.5 Shapeshifting


You had 6 spell levels left.
You knew the following spells:

 Your Spells              Type           Power      Damage    Failure   Level
a - Summon Small Mammal   Summ           40%        N/A       10%         1

Your spell library contained the following spells:

 Spells                   Type           Power      Damage    Failure   Level
 Swiftness                Air            35%        N/A       1%          3
 Shock                    Conj/Air       80%        1d8       3%          1
 Mephitic Cloud           Conj/Pois/Air  14%        N/A       19%         3
 Call Canine Familiar     Summ           10%        N/A       28%         3


Dungeon Overview and Level Annotations

Branches:
Dungeon (2/15)

Altars:

Shops:
D:1 ?

Annotations:
D:2 Terence


Innate Abilities, Weirdness & Mutations

You have very sharp teeth.
Your uncanny sense of smell can sniff out nearby items.
Your experience applies equally to all skills.
Your mind is acute. (Int +4, Str/Dex -1)
Your flesh is cold resistant. (rC+)


Message History

Terence hits you with a +2 morningstar of venom.
You are poisoned.
Throw: 8 darts (poison)
Press: ? - help, Q - select action, (/) - cycle Shift-Dir - straight line, f - Terence
Aim: Terence, wielding a +2 morningstar of venom and wearing a +0 scale mail (60% to hit)
You throw a poisoned dart. The poisoned dart hits Terence.
Terence is poisoned.
You feel sick.
Throw: 7 darts (poison)
Press: ? - help, Q - select action, (/) - cycle Shift-Dir - straight line, f/p - Terence
Aim: Terence, wielding a +2 morningstar of venom and wearing a +0 scale mail (lightly wounded, poisoned, 60% to hit)
You throw a poisoned dart.
The poisoned dart barely misses Terence.
You feel sick.
Terence hits you with a +2 morningstar of venom.
You are more poisoned.
Throw: 6 darts (poison)
Press: ? - help, Q - select action, (/) - cycle Shift-Dir - straight line, f/p - Terence
Aim: Terence, wielding a +2 morningstar of venom and wearing a +0 scale mail (lightly wounded, poisoned, 60% to hit)
You throw a poisoned dart.
The poisoned dart closely misses Terence.
You feel very sick.
Terence hits you with a +2 morningstar of venom!
* * * LOW HITPOINT WARNING * * *
You are more poisoned.
Okay, then.
You feel much better.
You feel extremely sick. Terence barely misses you.
It was a potion of mutation.
You feel extremely strange.
Your toenails lengthen and sharpen.
You feel resistant to cold.
Your talons dull and shrink into feet.
You feel clever.
You feel very sick.
Terence hits you with a +2 morningstar of venom.
* * * LOW HITPOINT WARNING * * *
You are more poisoned.
Unknown command.
Okay, then.
You barely miss Terence. Your bite misses Terence.
Terence is lightly wounded.
You die...

##.###.# #....##
#......###.....###
##..(.............
#.............###
#............####
#.........>......
#........#.####.#
#######........#...
#.
#(...@@........####
## #.#####.###.....
### #.# .#.## ....
#.# #.# #.## #.. ∆
∆ #.# #). ##


You could see Terence (poisoned).

Vanquished Creatures
  A worm (D:2)
  4 bats
  3 endoplasms (D:1)
  A goblin (D:1)
  4 hobgoblins (D:1)
  2 kobolds (D:1)
  A ball python (D:1)
  A frilled lizard (D:1)
  A rat (D:1)
18 creatures vanquished.

Notes
Turn   | Place    | Note
-------+----------+-------------------------------------------
     0 | D:1      | BarneyGumball the Gnoll Wanderer began the quest for the
                  | Orb.
     0 | D:1      | BarneyGumball set off with the following items: a +0
                  | dagger, 13 poisoned darts, a potion of heal wounds, a +0
                  | robe; and the following spells available to memorise:
                  | Swiftness, Shock, Summon Small Mammal, Mephitic Cloud, Call
                  | Canine Familiar.
     0 | D:1      | Reached XP level 1. HP: 17/17 MP: 4/4
     2 | D:1      | Learned a level 1 spell: Summon Small Mammal
   110 | D:1      | You fall into a shaft and drop 1 floor!
   208 | D:2      | Noticed Terence
   251 | D:1      | Reached XP level 2. HP: 22/23 MP: 5/5
   848 | D:1      | Found Ziddufeo's Magic Scroll Shop.
   851 | D:1      | Bought a scroll of identify for 22 gold pieces
   851 | D:1      | Bought a scroll of teleportation for 33 gold pieces
   956 | D:1      | Reached XP level 3. HP: 28/28 MP: 7/7
  1269 | D:2      | Gained mutation: You have sharp toenails. [potion of
                  | mutation]
  1269 | D:2      | Gained mutation: Your flesh is cold resistant. (rC+)
                  | [potion of mutation]
  1269 | D:2      | Lost mutation: You have sharp toenails. [potion of
                  | mutation]
  1269 | D:2      | Gained mutation: Your mind is acute. (Int +4, Str/Dex -1)
                  | [potion of mutation]
  1270 | D:2      | Succumbed to Terence's poison

Illustrated notes

Levels and vault maps discovered:
D:1:      minmay_arrival_split_and_join, layout_basic, serial_shops,
          nicolae_shop_rolled_up
D:2:      layout_loops_ring, uniq_terence

Skill      XL: |  1 |
---------------+----+-----
Summonings     | 2 |  2.0
Fighting       | |  2.5
Short Blades   | |  0.5
Long Blades    | |  0.5
Axes           | |  0.5
Maces & Flails | |  0.5
Polearms       | |  0.5
Staves         | |  0.5
Ranged Weapons | |  0.5
Throwing       | |  4.5
Armour         | |  0.5
Dodging        | |  0.5
Stealth        | |  0.5
Shields        | |  0.5
Unarmed Combat | |  0.5
Spellcasting   | |  2.7
Conjurations   | |  0.4
Hexes          | |  0.4
Necromancy     | |  0.4
Translocations | |  0.4
Transmutations | |  0.4
Fire Magic     | |  0.4
Ice Magic      | |  0.4
Air Magic      | |  8.7
Earth Magic    | |  0.4
Poison Magic   | |  0.4
Invocations    | |  0.7
Evocations     | |  0.5
Shapeshifting  | |  0.5

Action                     || total
---------------------------++-------
  Melee: Dagger            ||    24
         Bite              ||     1
   Fire: Sling             ||    31
  Throw: Dart              ||    10
    Use: Scroll            ||     1
         Potion            ||     2
 Armour: Robe              ||     5
         Leather armour    ||    15
  Dodge: Dodged            ||    23

Table legend: (Time is in decaauts)
 A = Elapsed time spent in this place.
 B = Non-inter-level travel time spent in this place.
 C = Inter-level travel time spent in this place.
 D = Time resting spent in this place.
 E = Time spent auto-exploring this place.
 F = Levels seen in this place.
 G = Mean time per level.
                   A        B        C        D        E       F      G
               +--------+--------+--------+--------+--------+-----+--------+
         Total |   1280 |   1223 |     57 |      0 |   1024 |   2 |  640.0 |
       Dungeon |   1280 |   1223 |     57 |      0 |   1024 |   2 |  640.0 |
               +--------+--------+--------+--------+--------+-----+--------+

Top non-repeatable levels by time:
     D:1: 1144 daAuts
     D:2: 135 daAuts
